 Seeded DCSS version 0.29-a0-653-gd47aff6735 (webtiles) character file.

Game seed: 10802498693541890562 (custom seed)

3127 wilfster70 the Skirmisher (level 10, -9/75 HPs)
             Began as a Djinni Ice Elementalist on June 21, 2022.
             Was a Follower of Makhleb.
             Mangled by Joseph
             ... wielding a +1 quarterstaff of draining
              (15 damage)
             ... on level 7 of the Dungeon.
             The game lasted 00:21:46 (7874 turns).

wilfster70 the Skirmisher (Djinni Ice Elementalist) Turns: 7874, Time: 00:21:46

Health: -9/75      AC:  6    Str: 17    XL:     10   Next: 14%
Gold:   397        EV: 16    Int: 22    God:    Makhleb [*.....] SH:  0 Dex: 21

rFire   + + +      SeeInvis .   a - +5 fustibalus of Huoky {vorpal, rF+ Will+ Str+4 Int+2}
rCold   x . .      Faith    .   (no shield)
rNeg    . . .      Spirit   .   c - +0 troll leather armour {Pargi}
rPois   ∞          Reflect  .   k - +0 helmet
rElec   .          Harm     .   (no cloak)
rCorr   .          Rampage  .   (no gloves)
Will    ++...                   (boots unavailable)
Stlth   ++........              (no amulet)
HPRegen 1.02/turn               s - +6 ring of strength
MPRegen 0.00/turn               w - +6 ring of dexterity

@: freezing walls, flying
A: sickness immunity, fire resistance 2, cold vulnerability 1, float, innate
caster, HP casting, extra vitality 1
a: Renounce Religion


You were on level 7 of the Dungeon.
You worshipped Makhleb.
Makhleb was aware of your devotion.
You visited 2 branches of the dungeon, and saw 8 of its levels.
You also visited: Sewer.

You collected 397 gold pieces.

Inventory:

Hand Weapons
 a - the +5 fustibalus of Huoky (weapon) {vorpal, rF+ Will+ Str+4 Int+2}
   (You acquired it on level 1 of the Dungeon)

   Any ammunition fired from it inflicts extra damage upon your enemies.
   Str:       It affects your strength (+4).
   Int:       It affects your intelligence (+2).
   rF:        It protects you from fire.
   Will:      It increases your willpower.
 b - a +1 dagger of speed
Missiles
 t - 5 curare-tipped darts
Armour
 c - a +0 troll leather armour (worn) {Pargi}
 k - a +0 helmet (worn)
 y - a +0 kite shield
Jewellery
 s - a +6 ring of strength (left hand)
 w - a +6 ring of dexterity (right hand)
Wands
 v - a wand of quicksilver (6)
 z - a wand of polymorph (2)
Scrolls
 d - 2 scrolls of fog {unknown}
 e - 5 scrolls of teleportation
 f - a scroll of magic mapping {unknown}
 g - a scroll of enchant weapon {unknown}
 h - 3 scrolls of enchant armour
 j - a scroll of brand weapon {unknown}
 n - 2 scrolls of poison {unknown}
 o - 7 scrolls of fear
 r - a scroll of identify
 A - a scroll of vulnerability {unknown}
Potions
 i - a potion of berserk rage
 l - 2 potions of brilliance
 m - 2 potions of invisibility
 p - 2 potions of lignification
 q - 2 potions of curing {unknown}
 u - 4 potions of attraction {unknown}
 x - 2 potions of haste


   Skills:
 + Level 7.1 Fighting
 - Level 4.0 Slings
 - Level 6.0 Armour
 - Level 6.0 Dodging
 - Level 1.5 Stealth
 - Level 6.0 Spellcasting


You had one spell level left.
You knew the following spells:

 Your Spells              Type           Power      Damage    Failure   Level
a - Freeze                Ice            100%       1d11      1%          1
b - Frozen Ramparts       Ice            66%        1d8       2%          3
c - Ozocubu's Armour      Ice            33%        N/A       2%          3
d - Hailstorm             Conj/Ice       33%        3d8       9%          4
e - Apportation           Tloc           66%        N/A       1%          1
f - Passwall              Tmut/Erth      27%        N/A       1%          2
g - Ignite Poison         Fire/Tmut/Pois 33%        N/A       2%          3
h - Call Canine Familiar  Summ           33%        N/A       2%          3
Your spell library was empty.

Dungeon Overview and Level Annotations

Branches:
Dungeon (7/15)             Temple (1/1) D:5           Sewer (visited)

Altars:
Ashenzari
Cheibriados
Makhleb
Nemelex Xobeh
Qazlal
Ru
Trog
Xom

Shops:
D:6 (

Annotations:
D:4 2 runed translucent doors, gearnest's ghost, amateur DrMo
D:7 Joseph


Innate Abilities, Weirdness & Mutations

You are immune to sickness and miasma.
You are immune to poison.
Your flesh is very heat resistant. (rF++)
You are vulnerable to cold. (rC-)
You float through the air rather than walking.
You learn spells naturally, not from books.
Your magical power is your life essence.
You have superior vitality. (+4 MHP)


Message History

Casting: Frozen Ramparts (mildly dangerous; 2% risk of failure)
Press: ? - help, Dir - look around, f - activate The walls around you are covered in ice.
Joseph resists.
The wall freezes Joseph.
Joseph shoots a sling bullet.
The sling bullet completely misses you.
You shoot a sling bullet. The sling bullet closely misses Joseph.
Joseph completely resists.
The wall freezes Joseph but does no damage.
Joseph resists.
The wall freezes Joseph.
Joseph unwields a +0 hunting sling.
Joseph wields a +1 quarterstaff of draining.
You sense an unholy aura.
Joseph hits you with a +1 quarterstaff of draining.
You are too injured to fight recklessly!
Fire: a) +5 fustibalus of Huoky {vorpal, rF+ Will+ Str+4 Int+2}
Press: ? - help, Q - select action, (/) - cycle Shift-Dir - straight line, f/p - Joseph
Aim: Joseph, wielding a +1 quarterstaff of draining and wearing a +2 leather armour of cold resistance (heavily wounded, 68% to hit)
You shoot a sling bullet. The sling bullet closely misses Joseph.
Joseph resists.
The wall freezes Joseph.
Joseph hits you with a +1 quarterstaff of draining!
* * * LOW HITPOINT WARNING * * *
Fire: a) +5 fustibalus of Huoky {vorpal, rF+ Will+ Str+4 Int+2}
Press: ? - help, Q - select action, (/) - cycle Shift-Dir - straight line, f/p - Joseph
Aim: Joseph, wielding a +1 quarterstaff of draining and wearing a +2 leather armour of cold resistance (heavily wounded, 68% to hit)
You shoot a sling bullet.
The sling bullet hits Joseph but does no damage.
Joseph is heavily wounded.
Joseph resists.
The wall freezes Joseph.
Joseph hits you with a +1 quarterstaff of draining!
* * * LOW HITPOINT WARNING * * *
Fire: a) +5 fustibalus of Huoky {vorpal, rF+ Will+ Str+4 Int+2}
Press: ? - help, Q - select action, (/) - cycle Shift-Dir - straight line, f/p - Joseph
Aim: Joseph, wielding a +1 quarterstaff of draining and wearing a +2 leather armour of cold resistance (heavily wounded, 68% to hit)
You shoot a sling bullet. The sling bullet hits Joseph!
Joseph is severely wounded.
Joseph resists.
The wall freezes Joseph.
Joseph hits you with a +1 quarterstaff of draining!
* * * LOW HITPOINT WARNING * * *
Joseph resists.
The wall freezes Joseph.
Joseph hits you with a +1 quarterstaff of draining!
You die...

..#............# #.##.#######
..#...[........# #....# #...
..#..........[.# ###### #...
.<#............# #...
..############## #...
..............################...
......!..........................
..............##############.#...
................@@))## #.#...
..#################).# #.#... ###
#..@..o# #.#... #...o...# #.#...
#.....#.# #.#### #.....#..#
#.#### #.....##.# ...... #.....#
.# ...... #.....# .. #.#.####


You could see Joseph.

Vanquished Creatures
  Grinder (D:5)
  Sigmund (D:5)
  2 steam dragons (D:6)
  Menkaure (D:4)
  Edmund (D:4)
  A water moccasin (D:6)
  Duvessa (D:4)
  Pargi (D:3)
  A black bear (D:7)
  An ice beast (D:7)
  A phantom (D:6)
  2 kobold brigands (D:7)
  A necrophage (D:6)
  3 scorpions
  5 wights (D:7)
  Dowan (D:4)
  6 killer bees (D:7)
  A howler monkey (D:6)
  2 jellies
  3 hounds
  An orc priest (D:6)
  3 iguanas
  Ijyb (D:5)
  Terence (D:3)
  4 orc wizards
  Robin (D:2)
  3 gnolls (D:6)
  12 adders
  4 river rats (Sewer)
  A shadow imp (D:6)
  An ufetubus (D:6)
  3 worms (D:2)
  2 dart slugs (D:5)
  18 orcs
  8 bats
  12 endoplasms
  7 giant cockroaches
  15 goblins
  6 hobgoblins
  6 jackals
  14 kobolds
  7 quokkas
  17 ball pythons
  16 frilled lizards
  7 rats
206 creatures vanquished.

Vanquished Creatures (others)
  6 plants (D:3)
6 creatures vanquished.

Grand Total: 212 creatures vanquished

Notes
Turn   | Place    | Note
-------+----------+-------------------------------------------
     0 | D:1      | wilfster70 the Djinni Ice Elementalist began the quest for
                  | the Orb.
     0 | D:1      | wilfster70 set off with the following spells memorised:
                  | Freeze, Frozen Ramparts, Ozocubu's Armour, Hailstorm.
     0 | D:1      | Reached XP level 1. HP: 15/15 MP: 0/0
    10 | D:1      | Identified a scroll of acquirement
    10 | D:1      | Acquired the +5 fustibalus of Huoky {vorpal, rF+ Will+
                  | Str+4 Int+2}
   168 | D:1      | Reached XP level 2. HP: 17/21 MP: 0/0
   416 | D:1      | Reached XP level 3. HP: 25/25 MP: 0/0
   416 | D:1      | Learned a level 1 spell: Apportation
   458 | D:1      | Found Resops's Armour Shop.
  1213 | D:2      | Reached XP level 4. HP: 31/31 MP: 0/0
  1739 | D:2      | Noticed Robin
  1750 | D:2      | HP: 1/31 [goblin/+0 club[Robin] (6)]
  2105 | D:3      | Found a glowing drain.
  2109 | Sewer    | Entered a sewer
  2118 | Sewer    | Reached XP level 5. HP: 10/35 MP: 0/0
  2118 | Sewer    | Learned a level 2 spell: Passwall
  2781 | Sewer    | Reached skill level 5 in Spellcasting
  3239 | D:3      | Noticed Terence
  3243 | D:3      | Killed Terence
  3244 | D:3      | Reached XP level 6. HP: 38/40 MP: 0/0
  3526 | D:2      | Killed Robin
  3997 | D:3      | Noticed Pargi
  4001 | D:3      | Killed Pargi
  4034 | D:3      | Found a faded altar of an unknown god.
  4399 | D:3      | Reached XP level 7. HP: 40/45 MP: 0/0
  4399 | D:3      | Learned a level 3 spell: Ignite Poison
  4401 | D:3      | Reached skill level 1 in Slings
  4589 | D:4      | Noticed Dowan
  4590 | D:4      | Noticed Duvessa
  4602 | D:4      | Killed Duvessa
  4604 | D:4      | Killed Dowan
  5007 | D:4      | Reached XP level 8. HP: 50/50 MP: 0/0
  5009 | D:4      | Noticed Edmund
  5010 | D:4      | Found a large runed translucent door.
  5011 | D:4      | Found a large runed translucent door.
  5019 | D:4      | Killed Edmund
  5022 | D:4      | Noticed gearnest's ghost (amateur DrMo)
  5051 | D:4      | Noticed Menkaure
  5054 | D:4      | Killed Menkaure
  5287 | D:5      | Entered Level 5 of the Dungeon
  5575 | D:5      | Noticed Sigmund
  5588 | D:5      | Killed Sigmund
  5654 | D:5      | Reached skill level 5 in Armour
  5784 | D:5      | Found a staircase to the Ecumenical Temple.
  5787 | D:5      | Noticed Grinder
  5799 | D:5      | Killed Grinder
  5800 | D:5      | Reached XP level 9. HP: 51/55 MP: 0/0
  5800 | D:5      | Learned a level 3 spell: Call Canine Familiar
  5805 | Temple   | Entered the Ecumenical Temple
  5850 | Temple   | Became a worshipper of Makhleb the Destroyer
  5949 | D:5      | Noticed Ijyb
  5965 | D:5      | Killed Ijyb
  6281 | D:5      | Found a snail-covered altar of Cheibriados.
  6282 | D:5      | Found a stormy altar of Qazlal.
  6284 | D:5      | Found a shimmering altar of Xom.
  6284 | D:5      | Found a sparkling altar of Nemelex Xobeh.
  6598 | D:6      | Reached skill level 5 in Dodging
  6729 | D:6      | Reached skill level 2 in Fighting
  6793 | D:6      | Reached skill level 3 in Fighting
  6851 | D:6      | Found Ysikh's Weapon Shop.
  7374 | D:7      | Reached skill level 4 in Fighting
  7401 | D:7      | Reached skill level 5 in Fighting
  7426 | D:7      | Reached skill level 6 in Fighting
  7426 | D:7      | Reached XP level 10. HP: 59/72 MP: 0/0
  7522 | D:7      | Reached * piety under Makhleb
  7854 | D:7      | Noticed Joseph
  7866 | D:7      | Reached skill level 7 in Fighting
  7874 | D:7      | Mangled by Joseph

Illustrated notes

Levels and vault maps discovered:
D:1:      kilobyte_arrival_exit_the_forest, layout_loops_ring, serial_shops,
          shop
D:2:      layout_basic, uniq_robin
D:3:      layout_loops_corners, hellmonk_ecumenical_altar_pennies_from_heaven,
          gup_sewer_entry_bowl, chequers_serial_rivers_micro_d,
          minmay_lizard_king, uniq_pargi, uniq_terence
D:4:      layout_loops_cross, ebering_ghost_disaster_area, abandoned_shop,
          chequers_serial_rivers_room_b, minmay_misc_feat_doors,
          hangedman_decor_slide_cut, uniq_edmund, uniq_duvessa, uniq_menkaure
D:5:      layout_basic, mainiacjoe_overflow_alcove_3, minmay_temple_entry_grid,
          uniq_ijyb, uniq_grinder, uniq_sigmund
D:6:      layout_layer_cave, serial_shops, shop, grunt_decor_clamped,
          wad_rectangle_vault
D:7:      layout_basic, uniq_joseph
Temple:   dpeg_five_rooms_temple

Skill      XL: |  1  2  3  4  5  6  7  8  9 10 |
---------------+-------------------------------+-----
Spellcasting   | 4 5 6 |  6.0
Slings         | 3 4 |  4.0
Armour         | 6 |  6.0
Dodging        | 6 |  6.0
Fighting       | 6 7 |  7.1
Stealth        | |  1.5

Action                   |  1- 3 |  4- 6 |  7- 9 | 10-12 || total
-------------------------+-------+-------+-------+-------++-------
 Fire: Fustibalus        |    64 |   121 |   189 |    35 ||   409
 Cast: Frozen Ramparts   |     2 |    16 |    13 |     4 ||    35
  Use: Scroll            |     1 |     4 |     3 |       ||     8
       Potion            |       |     2 |     1 |       ||     3
Armor: Robe              |     3 |    20 |       |       ||    23
       Animal skin       |       |     5 |       |       ||     5
       Troll leather arm |       |     2 |    26 |     3 ||    31
Dodge: Dodged            |    27 |    83 |    64 |    29 ||   203

Table legend: (Time is in decaauts)
 A = Elapsed time spent in this place.
 B = Non-inter-level travel time spent in this place.
 C = Inter-level travel time spent in this place.
 D = Time resting spent in this place.
 E = Time spent auto-exploring this place.
 F = Levels seen in this place.
 G = Mean time per level.
                   A        B        C        D        E       F      G
               +--------+--------+--------+--------+--------+-----+--------+
         Total |   8075 |   7821 |    254 |   1529 |   3498 |   9 |  897.2 |
       Dungeon |   6850 |   6629 |    221 |    874 |   3411 |   7 |  978.6 |
        Temple |     78 |     45 |     33 |      0 |     29 |   1 |   78.0 |
         Sewer |   1146 |   1146 |      0 |    655 |     58 |   1 | 1146.0 |
               +--------+--------+--------+--------+--------+-----+--------+

Top non-repeatable levels by time:
     D:3: 1383 daAuts
     D:1: 1190 daAuts
   Sewer: 1146 daAuts
     D:5: 1025 daAuts
     D:6: 994 daAuts
     D:2: 969 daAuts
     D:4: 728 daAuts
     D:7: 558 daAuts
  Temple: 78 daAuts
